 Dungeon Crawl Stone Soup version 0.21.0-3-g78d12a8 (webtiles) character file.

89 pomescollege the Firebug (level 4, -4/30 HPs)
             Began as a Demonspawn Fire Elementalist on Jan 16, 2018.
             Killed from afar by an orc wizard (7 damage)
             ... with a magic dart
             ... on level 3 of the Dungeon.
             The game lasted 00:07:32 (2085 turns).

pomescollege the Firebug (DsFE)                     Turns: 2085, Time: 00:07:33

Health: -4/30      AC:  2    Str:  8    XL:     4   Next: 31%
Magic:  0/7        EV: 11    Int: 17    God:
Gold:   141        SH:  0    Dex: 14    Spells: 6/7 levels left

rFire    . . .     SeeInvis .   m - +0 dagger
rCold    . . .     Gourm    .   (no shield)
rNeg     . . .     Faith    .   a - +0 robe
rPois    .         Spirit   .   (helmet restricted)
rElec    .         Reflect  .   (no cloak)
rCorr    .         Harm     .   (no gloves)
MR       .....                  (no boots)
Stlth    +++.......             (no amulet)
HPRegen  0.10/turn              (no ring)
MPRegen  0.10/turn              (no ring)

@: heavily drained
A: horns 1, nightstalker 1
a: no special abilities


You were on level 3 of the Dungeon.
You were not hungry.

You visited 1 branch of the dungeon, and saw 3 of its levels.

You collected 141 gold pieces.

Inventory:

Hand Weapons
 m - a +0 dagger (weapon)
Armour
 a - a +0 robe (worn)
 g - a +0 chain mail of cold resistance
Scrolls
 d - a scroll of noise {unknown}
 f - a scroll of fog {unknown}
 i - a scroll of teleportation {unknown}
 j - a scroll of fear {unknown}
 o - 3 scrolls of remove curse {unknown}
Potions
 e - 2 potions of curing
 h - 3 potions of agility
 k - a potion of mutation {unknown}
 n - a potion of flight {unknown}
Books
 b - a book of Flames

   Spells                             Type                      Level
   a - Flame Tongue                   Conjuration/Fire             1
   b - Throw Flame                    Conjuration/Fire             2
   c - Conjure Flame                  Conjuration/Fire             3
   d - Inner Flame                    Hexes/Fire                   3
   e - Sticky Flame                   Conjuration/Fire             4
   f - Fireball                       Conjuration/Fire             5
Comestibles
 c - 2 rations
 l - 4 chunks of flesh


   Skills:
 - Level 1.7(0.6) Dodging
 - Level 1.9(0.8) Stealth
 - Level 2.0(0.9) Spellcasting
 + Level 2.9(1.8) Conjurations
 + Level 3.8(2.6) Fire Magic


You had 6 spell levels left.
You knew the following spells:

 Your Spells              Type           Power        Failure   Level  Hunger
a - Flame Tongue          Conj/Fire      #....        9%          1    ##.....


Dungeon Overview and Level Annotations

Branches:
Dungeon (3/15)

Altars:


Innate Abilities, Weirdness & Mutations

You have a pair of small horns on your head.
You are slightly more attuned to the shadows.


Message History

The flame tongue misses the orc wizard.
The flame tongue hits the orc.
The orc is heavily wounded.
The orc wizard hits you but does no damage.
You feel drained. The orc wizard barely misses you.
The orc wizard hits you but does no damage.
You feel drained.
Casting: Flame Tongue
Confirm with . or Enter, or press ? or * to list all spells.
Aiming: Flame Tongue
Press: ? - help, Shift-Dir - straight line, f/p - orc wizard
Aim: an orc wizard, wielding a dagger of draining and wearing a leather armour (heavily wounded, fast)
The flame tongue misses the orc wizard.
The orc wizard hits you with a dagger of draining.
* * * LOW HITPOINT WARNING * * *
You feel drained.
* * * LOW HITPOINT WARNING * * *
The orc wizard closely misses you. The orc wizard casts a spell at you.
The magic dart hits you!
You die...

## ...# ######
##.###### #.....
##...#... #.####
###......# #.#
.#.......#######
#.# #.#
(#.............####
##.## #.#
....)....#####oo@.#
#...# #.#
........##
####.###...####.#
(.##...##
#.#..(....##.#
...##.##
######.#.......##.#
..(...#
......#...........#
...####
####.#>##....######
..## #.........)..#
.## #.##...##.##(#
.. .#......#.##.#


You could see an orc wizard and an orc.

Vanquished Creatures
  An iguana (D:2)
  An adder (D:2)
  An ooze (D:1)
  A worm (D:2)
  A dart slug (D:2)
  4 leopard geckos
  2 orcs (D:3)
  3 giant cockroaches
  7 goblins
  5 hobgoblins
  3 kobolds
  A ball python (D:2)
  4 bats
  A frilled lizard (D:2)
  2 rats
37 creatures vanquished.

Notes
Turn   | Place    | Note
-------+----------+-------------------------------------------
     0 | D:1      | pomescollege the Demonspawn Fire Elementalist began the quest for the Orb.
     0 | D:1      | Reached XP level 1. HP: 13/13 MP: 3/3
   504 | D:1      | Reached skill level 3 in Fire Magic
   504 | D:1      | Gained mutation: You are slightly more attuned to the shadows. [demonic ancestry]
   504 | D:1      | Reached XP level 2. HP: 17/19 MP: 0/5
  1120 | D:2      | Gained mutation: You have a pair of small horns on your head. [demonic ancestry]
  1120 | D:2      | Reached XP level 3. HP: 22/24 MP: 0/6
  1479 | D:2      | Reached XP level 4. HP: 15/30 MP: 0/7
  2085 | D:3      | Killed from afar by an orc wizard

Skill      XL: |  1  2 |
---------------+-------+-----
Fire Magic     | 3 |  3.8
Conjurations   | 2 |  2.9
Dodging        | |  1.7
Stealth        | |  1.9
Spellcasting   | |  2.0

Action                   |  1- 3 |  4- 6 || total
-------------------------+-------+-------++-------
Melee: Unarmed           |    24 |       ||    24
       Headbutt          |     1 |     1 ||     2
       Dagger            |       |     5 ||     5
 Cast: Flame Tongue      |    57 |    27 ||    84
  Use: Scroll            |     1 |     1 ||     2
 Stab: Sleeping          |     1 |       ||     1
  Eat: Chunk             |     3 |     2 ||     5
Armor: Robe              |     6 |     4 ||    10
Dodge: Dodged            |    36 |    13 ||    49
